 Dungeon Crawl Stone Soup version 0.30-a0-830-gfe289a77b0 (webtiles) character file.

Game seed: 12115828782051095812

288 NinjaNoafa the Poker (level 6, 0/50 HPs)
             Began as a Hill Orc Monk on Feb 28, 2023.
             Was a Believer of Hepliaklqana.
             Slain by a gnoll
             ... wielding a +0 spear
             ... led by a gnoll bouda
              (6 damage)
             ... on level 5 of the Dungeon.
             The game lasted 00:13:00 (3720 turns).

NinjaNoafa the Poker (Hill Orc Monk)                Turns: 3720, Time: 00:13:01

Health: 0/50       AC: 12    Str: 16    XL:     6   Next: 31%
Magic:  15/15      EV:  5    Int: 10    God:    Hepliaklqana [**....]
Gold:   219        SH:  0    Dex: 13    Spells: 5/5 levels left

rFire   . . .      SeeInvis .    a - +0 spear
rCold   . . .      Faith    .    (no shield)
rNeg    . . .      Spirit   .    v - +0 plate armour
rPois   .          Reflect  .    (no helmet)
rElec   .          Harm     .    s - +1 cloak
rCorr   .          Rampage  .    (no gloves)
Will    .....                    (no boots) Stlth
                                 (no amulet)
HPRegen 0.28/turn                g - ring of magical power
MPRegen 0.14/turn                w - ring of wizardry

@: no status effects
A: reduced essence
a: Renounce Religion, Recall Ancestor, Ancestor Identity


You were on level 5 of the Dungeon.
You worshipped Hepliaklqana.
Hepliaklqana was pleased with you.
You visited 1 branch of the dungeon, and saw 5 of its levels.

You collected 219 gold pieces.

Inventory:

Hand Weapons
 a - a +0 spear (weapon)
Missiles
 h - 6 boomerangs (quivered)
 q - 12 poisoned darts
 y - 2 javelins
Armour
 s - a +1 cloak (worn)
 v - a +0 plate armour (worn)
Jewellery
 g - a ring of magical power (left hand)
 j - a ring of ice
 w - a ring of wizardry (right hand)
Wands
 b - a wand of roots (5)
 t - a wand of flame (13)
Scrolls
 e - 3 scrolls of fear
 i - a scroll of poison
 n - 2 scrolls of enchant armour
 o - 2 scrolls of teleportation {unknown}
 p - a scroll of immolation {unknown}
 u - a scroll of amnesia {unknown}
 x - a scroll of fog {unknown}
Potions
 c - a potion of ambrosia
 d - a potion of might {unknown}
 f - 2 potions of curing
 k - a potion of flight
 l - 2 potions of magic
 m - a potion of mutation
 r - a potion of cancellation
 z - a potion of haste


   Skills:
 - Level 5.0 Fighting
 + Level 6.8 Polearms
 - Level 2.4 Dodging
 - Level 1.5 Stealth


You had 5 spell levels left.
You didn't know any spells.
Your spell library contained the following spells:

 Spells                   Type           Power      Damage    Failure   Level
 Ensorcelled Hibernation  Hex/Ice        0%         N/A       100%        2
 Stone Arrow              Conj/Erth      0%         3d7       100%        3
 Animate Armour           Summ/Erth      0%         N/A       100%        4
 Lehudib's Crystal Spear  Conj/Erth      0%         10d2      100%        8
 Chain Lightning          Conj/Air       0%         N/A       100%        9
 Fire Storm               Conj/Fire      0%         5d1       100%        9
 Shatter                  Erth           0%         3d5*      100%        9


Dungeon Overview and Level Annotations

Branches:
Dungeon (5/15)
 Temple: D:4-7

Altars:
Elyvilon
Fedhas
Gozag
Hepliaklqana
Ru
Trog
Xom

Shops:
D:5 [


Message History

The gnoll hits you from afar with a +0 spear.
* * * LOW HITPOINT WARNING * * *
The gnoll barely misses you.
Browni barely misses the gnoll.
Reach: a) +0 spear
Press: ? - help, Dir - move target, f/p - gnoll
Aim: a gnoll, wielding a +0 spear (lightly wounded, about 31% to evade your +0 spear)
You reach to attack!
You barely miss the gnoll.
The gnoll is lightly wounded.
Reach: a) +0 spear
Press: ? - help, Dir - move target, f/p - gnoll
Aim: a gnoll, wielding a +0 spear (lightly wounded, about 31% to evade your +0 spear)
You reach to attack!
You hit the gnoll but do no damage.
The gnoll is lightly wounded.
The gnoll hits you but does no damage. The gnoll barely misses you.
Browni barely misses the gnoll.
Reach: a) +0 spear
Press: ? - help, Dir - move target, f/p - gnoll
Aim: a gnoll, wielding a +0 spear (lightly wounded, about 31% to evade your +0 spear)
You reach to attack!
You hit the gnoll but do no damage.
The gnoll is lightly wounded.
The gnoll hits you from afar with a +0 spear.
* * * LOW HITPOINT WARNING * * *
The gnoll hits you from afar with a +0 spear.
* * * LOW HITPOINT WARNING * * *
Browni hits the gnoll but does no damage.
The gnoll barely misses Browni.
The gnoll hits Browni but does no damage.
The gnoll hits Browni but does no damage.
Browni blocks the gnoll's attack.
Browni hits the gnoll with a +0 flail!
Browni barely misses the gnoll.
Okay, then.
As you read the scroll labelled KOD CUXAKHLYIQEL, it crumbles to dust.
It is a scroll of enchant armour.
Your +0 cloak glows green for a moment.
The air fills with toxic fumes!
As you read the scroll labelled KECADU YLAI, it crumbles to dust.
It was a scroll of poison.
The gnoll hits you from afar with a +0 spear.
You die...

##§§§§#.....# #§§§§§#.....#
#§§§§§#.....# #§§§§§#.....# ..
#§§§§#.....# ######
...####§§§§#.....# #.....
...§§§§§§§§#.....# #.....
...§§§.Rg§@#.....#####.....
...§§§§§g§§######..........
...§§§§§§§§§....'..........
...§§§§§§§§§§...#..........
...##§§§§§§##§..#.......... ###
#########§§.#.....#####
.......##.......#.§§#.....'....
.................#..§#.....#....
...............<.#...#.....#....


You could see the friendly Browni the knight and 2 gnolls.

Vanquished Creatures
  A hound (D:4)
  Jessica (D:3)
  2 iguanas (D:4)
  2 gnolls (D:5)
  4 adders
  2 adder skeletons (D:2)
  An adder zombie (D:2)
  3 dart slugs
  An orc (D:4)
  3 ball pythons
  A bat skeleton (D:2)
  2 endoplasms
  4 giant cockroaches
  7 goblins
  4 hobgoblins (D:1)
  4 jackals
  5 quokkas
  A ball python skeleton (D:2)
  A ball python zombie (D:2)
  4 bats
  3 frilled lizards (D:3)
  A giant cockroach zombie (D:2)
  A jackal skeleton (D:2)
  5 kobolds
  7 rats
70 creatures vanquished.

Vanquished Creatures (collateral kills)
  A jelly (D:4)
  A gnoll (D:5)
  An orc (D:4)
  A goblin (D:4)
  A hobgoblin (D:4)
  A kobold (D:4)
6 creatures vanquished.

Vanquished Creatures (others)
  2 withered plants (D:2)
2 creatures vanquished.

Grand Total: 78 creatures vanquished

Notes
Turn   | Place    | Note
-------+----------+-------------------------------------------
     0 | D:1      | NinjaNoafa the Hill Orc Monk began the quest for the Orb.
     0 | D:1      | Reached XP level 1. HP: 19/19 MP: 1/1
    94 | D:1      | Reached XP level 2. HP: 22/26 MP: 2/2
   103 | D:1      | Reached skill level 4 in Polearms
   727 | D:2      | Reached XP level 3. HP: 31/31 MP: 3/3
   772 | D:2      | Found a faded altar of an unknown god.
   972 | D:2      | Reached skill level 5 in Polearms
  1088 | D:2      | Reached XP level 4. HP: 28/40 MP: 4/4
  1165 | D:3      | Noticed Jessica
  1169 | D:3      | Got Jessica's Folio of Jinxing
  1184 | D:3      | Killed Jessica
  1379 | D:2      | Reached skill level 5 in Fighting
  1544 | D:3      | Found a blossoming altar of Fedhas.
  1595 | D:3      | Upgraded the game from 0.30-a0-824-g6c64550be9 to
                  | 0.30-a0-830-gfe289a77b0
  1607 | D:3      | Found a white marble altar of Elyvilon.
  1673 | D:3      | Reached XP level 5. HP: 48/48 MP: 5/5
  1783 | D:3      | Found an opulent altar of Gozag.
  2171 | D:4      | Found a hazy altar of Hepliaklqana.
  2182 | D:4      | Became a worshipper of Hepliaklqana the Forgotten
  2182 | D:4      | Reached * piety under Hepliaklqana
  2182 | D:4      | Reached ** piety under Hepliaklqana
  2186 | D:4      | Remembered your ancestor Browni as a knight
  2271 | D:4      | Found a sacrificial altar of Ru.
  2564 | D:4      | Found a bloodstained altar of Trog.
  2610 | D:4      | Found a shimmering altar of Xom.
  2611 | D:4      | Found a shimmering altar of Xom.
  2611 | D:4      | Found a shimmering altar of Xom.
  2723 | D:4      | Reached skill level 6 in Polearms
  3220 | D:4      | Reached XP level 6. HP: 43/50 MP: 6/6
  3600 | D:5      | Entered Level 5 of the Dungeon
  3647 | D:5      | Found Boqag's Antique Armour Boutique.
  3720 | D:5      | Slain by a gnoll

Illustrated notes

Levels and vault maps discovered:
D:1:      grunt_arrival_lava_bath, layout_loops_cross,
          chequers_serial_rivers_micro_a, amcnicky_mini_pool_small
D:2:      layout_basic, serial_undead, serial_undead_f, serial_undead_b,
          serial_undead_b, serial_undead_e, serial_undead_b, serial_undead_a,
          serial_undead_a, hellmonk_ecumenical_altar_dog_temple,
          corexii_hall_statues_u
D:3:      layout_loops_ring, nicolae_gozag_cash_rules_everything_around_me,
          grunt_temple_overflow_open, kennysheep_jessica_study
D:4:      layout_layer_cave, mainiacjoe_overflow_boulevard,
          mainiacjoe_overflow_small_starburst, xom_redecorated,
          mainiacjoe_overflow_cross_hatched
D:5:      layout_gridville, serial_shops, shop, uniq_duvessa

Skill      XL: |  1  2  3  4  5 |
---------------+----------------+-----
Polearms       | 4 5 6 |  6.8
Fighting       | 4 5 |  5.0
Dodging        | |  2.4
Stealth        | |  1.5

Action                     |  1- 3 |  4- 6 || total
---------------------------+-------+-------++-------
  Melee: Spear             |   174 |   199 ||   373
         Punch             |     1 |     4 ||     5
 Invoke: Ancestor Life: Kn |       |     1 ||     1
         Ancestor Identity |       |     1 ||     1
    Use: Scroll            |       |     9 ||     9
   Stab: Sleeping          |     6 |     1 ||     7
 Armour: Robe              |    15 |     9 ||    24
         Ring mail         |       |     2 ||     2
         Plate armour      |       |    36 ||    36
         Scale mail        |       |     5 ||     5
  Dodge: Dodged            |    85 |    76 ||   161

Table legend: (Time is in decaauts)
 A = Elapsed time spent in this place.
 B = Non-inter-level travel time spent in this place.
 C = Inter-level travel time spent in this place.
 D = Time resting spent in this place.
 E = Time spent auto-exploring this place.
 F = Levels seen in this place.
 G = Mean time per level.
                   A        B        C        D        E       F      G
               +--------+--------+--------+--------+--------+-----+--------+
         Total |   3678 |   3275 |    403 |      0 |   1944 |   5 |  735.6 |
       Dungeon |   3678 |   3275 |    403 |      0 |   1944 |   5 |  735.6 |
               +--------+--------+--------+--------+--------+-----+--------+

Top non-repeatable levels by time:
     D:4: 1276 daAuts
     D:3: 898 daAuts
     D:2: 744 daAuts
     D:1: 643 daAuts
     D:5: 115 daAuts
